 Dungeon Crawl Stone Soup version 0.25.1-2-g60ff931df9 (webtiles) character file.

Game seed: 13013678865301840086

63 Impeuri the Sneak (level 4, 0/26 HPs)
             Began as a Kobold Assassin on Aug 21, 2020.
             Slain by a kobold
             ... wielding a +2 short sword of electrocution
              (13 damage)
             ... on level 2 of the Dungeon.
             The game lasted 00:03:44 (1496 turns).

Impeuri the Sneak (Kobold Assassin)                 Turns: 1496, Time: 00:03:44

Health: 0/26       AC:  4    Str:  8    XL:     4   Next: 31%
Magic:  4/4        EV: 14    Int: 18    God:
Gold:   77         SH:  0    Dex: 17    Spells: 3/3 levels left

rFire    . . .     SeeInvis .   a - +2 dagger
rCold    . . .     Gourm    .   (shield restricted)
rNeg     . . .     Faith    .   b - +0 robe
rPois    .         Spirit   .   m - +1 hat
rElec    .         Reflect  .   c - +0 cloak
rCorr    .         Harm     .   (no gloves)
MR       .....                  (no boots)
Stlth    +++.......             (no amulet)
HPRegen  0.08/turn              n - +6 ring of intelligence (curse)
MPRegen  0.09/turn              (no ring)

@: lethally poisoned (0 -> -4)
A: small, carnivore
a: no special abilities


You were on level 2 of the Dungeon.
You were very full.

You visited 1 branch of the dungeon, and saw 2 of its levels.

You collected 77 gold pieces.

Inventory:

Hand Weapons
 a - a +2 dagger (weapon)
Missiles
 e - 2 curare-tipped darts (quivered)
Armour
 b - a +0 robe (worn)
 c - a +0 cloak (worn)
 m - a +1 hat (worn)
Jewellery
 n - a cursed +6 ring of intelligence (left hand)
Scrolls
 h - a scroll of magic mapping {unknown}
 k - a scroll of enchant weapon {unknown}
 l - a scroll of teleportation {unknown}
 p - a scroll of remove curse {unknown}
 r - a scroll of fog
 s - a scroll of identify
Potions
 g - a potion of invisibility {unknown}
 i - a potion of curing {unknown}
 j - a potion of lignification {unknown}
 o - a potion of haste {unknown}
 q - 2 potions of magic {unknown}
Comestibles
 f - 4 rations


   Skills:
 - Level 2.1 Fighting
 + Level 3.9 Short Blades
 + Level 3.2 Throwing
 - Level 1.2 Dodging
 + Level 6.1 Stealth


You had 3 spell levels left.
You didn't know any spells.
Your spell library was empty.

Dungeon Overview and Level Annotations

Branches:
Dungeon (2/15)

Altars:
Cheibriados


Innate Abilities, Weirdness & Mutations

You are small and have problems with some larger weapons.
You are carnivorous and can eat meat at any time.


Message History

You hit the adder but do no damage.
The adder is almost dead.
The adder bites you. The kobold closely misses you.
Unknown command.
You closely miss the adder.
The adder is almost dead.
The adder completely misses you.
The kobold hits you with a +2 short sword of electrocution.
Throwing (i - inventory. (/) - cycle)
d - a poisoned dart (quivered)
Press: ? - help, Shift-Dir - straight line, f/p - adder
Aim: an adder (almost dead)
You throw a poisoned dart. The poisoned dart hits the adder.
The adder is poisoned.
The adder is almost dead.
You feel sick.
You kill the adder!
The kobold hits you with a +2 short sword of electrocution.
You are electrocuted!
Ouch! That really hurt!
You die...

#..........###..##........
###........###..##........
#........##...##........
###..###....#..#........
#..#####..##..........
#.............#.......
#.....................
#.#...................
#..@................
#.K†................
##.........####.....
#............#.....
.......#####.......
#........# ###.....
.$.......# ##....
....(.....# ##... ####


You could see a kobold.

Vanquished Creatures
  An adder (D:2)
  A worm (D:2)
  A dart slug (D:1)
  A giant cockroach (D:1)
  6 goblins
  5 hobgoblins
  6 jackals (D:2)
  6 kobolds
  A ball python (D:2)
  4 bats
  6 frilled lizards
  9 rats
47 creatures vanquished.

Notes
Turn   | Place    | Note
-------+----------+-------------------------------------------
     0 | D:1      | Impeuri the Kobold Assassin began the quest for the Orb.
     0 | D:1      | Reached XP level 1. HP: 12/12 MP: 1/1
   164 | D:1      | Reached XP level 2. HP: 17/17 MP: 2/2
   410 | D:1      | Reached XP level 3. HP: 21/21 MP: 3/3
   920 | D:2      | Reached skill level 6 in Stealth
  1038 | D:2      | Reached XP level 4. HP: 10/26 MP: 4/4
  1445 | D:2      | Found a snail-covered altar of Cheibriados.
  1496 | D:2      | Slain by a kobold

Illustrated notes

Levels and vault maps discovered:
D:1:      dpeg_arrival_tiny_i, layout_basic
D:2:      layout_rooms, cheibriados_altar_1, first_ration

Skill      XL: |  1  2  3 |
---------------+----------+-----
Short Blades   | 3 |  3.9
Throwing       | 3 |  3.2
Stealth        | 6 |  6.1
Fighting       | |  2.1
Dodging        | |  1.2

Action                   |  1- 3 |  4- 6 || total
-------------------------+-------+-------++-------
Melee: Dagger            |   126 |    18 ||   144
Throw: Dart              |     1 |    16 ||    17
  Use: Scroll            |       |     2 ||     2
 Stab: Sleeping          |     9 |     2 ||    11
  Eat: Chunk             |     9 |       ||     9
Armor: Robe              |    26 |     3 ||    29
Dodge: Dodged            |    82 |    11 ||    93
